 Dungeon Crawl Stone Soup version 0.29.0-4-gdea44cf6ec (webtiles) character file.

Game seed: 15907201319417533799

56 tizbic2 the Ruffian (level 3, -2/30 HPs)
             Began as a Minotaur Transmuter on Aug 26, 2022.
             Slain by Grinder (7 damage)
             ... on level 3 of the Dungeon.
             The game lasted 00:08:47 (1761 turns).

tizbic2 the Ruffian (Minotaur Transmuter)           Turns: 1761, Time: 00:08:48

Health: -2/30      AC:  2    Str: 14    XL:     3   Next: 69%
Magic:  2/4        EV: 19    Int: 12    God:
Gold:   82         SH:  0    Dex: 15    Spells: 1/5 levels left

rFire   . . .      SeeInvis .     - Unarmed
rCold   . . .      Faith    .   (shield currently unavailable)
rNeg    . . .      Spirit   .   (body armour currently unavailable)
rPois   x          Reflect  .   (helmet currently unavailable)
rElec   .          Harm     .   (cloak currently unavailable)
rCorr   .          Rampage  .   (gloves currently unavailable)
Will    .....                   (boots currently unavailable)
Stlth   +.........              (no amulet)
HPRegen 0.10/turn               f - ring of flight
MPRegen 0.09/turn               h - ring of wizardry

@: spider-form (expiring), flying
A: venomous fangs, tiny, (horns 2), (retaliatory headbutt)
a: End Transformation


You were on level 3 of the Dungeon.
You were a venomous arachnid creature.
You visited 1 branch of the dungeon, and saw 3 of its levels.

You collected 82 gold pieces.

Inventory:

Hand Weapons
 g - a +0 mace (melded)
Armour
 a - a +0 robe
 n - a +0 ring mail (melded)
Jewellery
 f - a ring of flight (left front leg)
 h - a ring of wizardry (right front leg)
Scrolls
 i - a scroll of immolation
 k - a scroll of teleportation
 m - a scroll of amnesia
Potions
 b - a potion of lignification
 c - 2 potions of haste {unknown}
 d - a potion of curing {unknown}
 e - a potion of might
 j - a potion of heal wounds {unknown}
 o - 2 potions of berserk rage {unknown}


   Skills:
 + Level 2.3 Fighting
 * Level 1.5 Maces & Flails
 + Level 0.0 Armour
 - Level 2.4 Dodging
 + Level 3.6 Unarmed Combat
 + Level 1.8 Spellcasting
 * Level 1.9 Transmutations
 + Level 0.0 Ice Magic


You had one spell level left.
You knew the following spells:

 Your Spells              Type           Power      Damage    Failure   Level
a - Beastly Appendage     Tmut           10%        N/A       12%         1
b - Spider Form           Tmut/Pois      3%         N/A       38%         3

Your spell library contained the following spells:

 Spells                   Type           Power      Damage    Failure   Level
 Wereblood                Tmut           5%         N/A       16%         2
 Passwall                 Tmut/Erth      2%         N/A       22%         2
 Blink                    Tloc           2%         N/A       30%         2
 Ensorcelled Hibernation  Hex/Ice        2%         N/A       30%         2
 Lesser Beckoning         Tloc           1%         N/A       47%         3
 Swiftness                Air            1%         N/A       47%         3
 Ice Form                 Ice/Tmut       3%         N/A       71%         4
 Manifold Assault         Tloc           1%         N/A       98%         5


Dungeon Overview and Level Annotations

Branches:
Dungeon (3/15)

Altars:

Annotations:
D:3 Grinder


Innate Abilities, Weirdness & Mutations

You are a venomous arachnid creature.
You have poisonous fangs.
You are tiny and dextrous.
Your spellcasting is less reliable in this form.
Your armour is entirely melded.
You are incapable of wielding weapons or throwing items.
((You have a pair of horns on your head.))
((You reflexively headbutt those who attack you in melee.))


Message History

Found a stone staircase leading down.
Your transformation is almost over.
Grinder zaps a wand.
The roots erupt in riotous growth!
The grasping roots grab you! The grasping roots constrict you.
You hear a shout!
You hear an angry hiss.
You hear a shout!
You escape the roots grasp.
Grinder says, "FISH!"
Grinder zaps a wand.
The roots erupt in riotous growth!
The grasping roots grab you! The grasping roots constrict you!
You hear a shout!
You escape the roots grasp.
Grinder zaps a wand.
The roots erupt in riotous growth!
The grasping roots grab you! The grasping roots constrict you.
You hear a shout!
The roots grasp on you weakens, but your attempt to escape fails.
The grasping roots constrict you.
You escape the roots grasp.
Grinder zaps a wand.
The roots erupt in riotous growth!
The grasping roots grab you! The grasping roots constrict you.
* * * LOW HITPOINT WARNING * * *
You hear an angry hiss.
You hear a shout!
You escape the roots grasp.
Grinder closely misses you.
A kobold comes into view. It is wielding a +0 whip.
You hit Grinder.
Grinder is lightly wounded.
You hit Grinder but do no damage.
Grinder is poisoned.
Grinder is lightly wounded.
Grinder misses you.
You bite Grinder!
Grinder is moderately wounded.
Grinder says, "What is the universe for?"
Grinder blinks!
You hit Grinder.
Grinder is heavily wounded.
Grinder hits you!
You die...

.....#....
....#..## #
#..#<..##.#
####..#.#....#
+....>.......#
####..#..#.###
. #.....#....
....#....K.#
#.#
.......§s####
# ##......5#
#.#.##..# #...
.... ###
.#+### .. .#
..


You could see Grinder (very poisoned) and a kobold.

Vanquished Creatures
  A worm (D:2)
  5 dart slugs
  A bat (D:2)
  5 endoplasms
  3 giant cockroaches
  2 goblins
  4 hobgoblins (D:2)
  2 jackals (D:1)
  4 quokkas
  4 ball pythons
  4 frilled lizards
  2 kobolds
  3 rats (D:1)
40 creatures vanquished.

Notes
Turn   | Place    | Note
-------+----------+-------------------------------------------
     0 | D:1      | tizbic2 the Minotaur Transmuter began the quest for the
                  | Orb.
     0 | D:1      | Reached XP level 1. HP: 16/16 MP: 1/1
   215 | D:1      | Reached XP level 2. HP: 19/23 MP: 1/3
   464 | D:1      | Reached XP level 3. HP: 23/29 MP: 4/4
   761 | D:1      | Learned a level 3 spell: Spider Form
   767 | D:2      | Reached skill level 1 in Maces & Flails
  1749 | D:3      | Noticed Grinder
  1761 | D:3      | Slain by Grinder

Illustrated notes

Levels and vault maps discovered:
D:1:      minmay_arrival_stair_chambers, layout_rooms
D:2:      layout_basic
D:3:      layout_basic, grunt_temple_overflow_forces_of_nature,
          general_overflow_altar, ebering_ecumenical_altar_abandoned,
          uniq_crazy_yiuf_cottage, uniq_grinder

Skill      XL: |  1  2  3 |
---------------+----------+-----
Fighting       | 2 |  2.3
Maces & Flails | 1 |  1.5
Dodging        | |  2.4
Unarmed Combat | |  3.6
Spellcasting   | |  1.8
Transmutations | |  1.9

Action                   || total
-------------------------++-------
Melee: Unarmed           ||    36
       Headbutt          ||     9
       Kick              ||     8
       Punch             ||     1
       Mace              ||    51
 Cast: Beastly Appendage ||     7
       Spider Form       ||     4
  Use: Scroll            ||     6
Armor: Robe              ||     7
       Ring mail         ||    10
       Skin              ||     1
Dodge: Dodged            ||    58
